Workbook

Sheet Лист1
F2: Приложение №10
F3: к договору подряда №11051-ТСК23 от 11.05.2023
B5: ПОДРЯДЧИК: | C5: ЗАКАЗЧИК: | E5: ТЕХ. ЗАКАЗЧИК:
C6: ООО "ЭНКОСТРОЙ" | E6: ООО "ТЗ "ЭНКО"
C7: Генеральный директор | E7: Генеральный директор
B9: ______________/ | C9: _______________/ | E9: _________________/
A11: Сметный расчет №3
A12: "Комплекс многоэтажных жилых домов с нежилыми помещениями, Многоэтажный жилой дом с нежилыми помещениями ГП-72.211-213"
A13: Устройство системы автополива
A15: № | B15: Наименование | C15: Ед.изм. | D15: Кол-во | E15: Цена за ед.изм. | F15: Стоимость
A16: 1 | B16: Пусковой комплект микроорошения XCZ-100-PRF, 1" | C16: шт | D16: 24
A17: 2 | B17: Высокопроизводительный дисковый фильтр 1 1/2 НР" (130 мкм) | C17: шт | D17: 2
A18: 3 | B18: Капельный шланг без капельниц 16 мм, бухта 100 м, коричневый | C18: шт | D18: 8
A19: 4 | B19: Шланг капельного полива компенсированный 16 мм, шаг капельниц 33 см, расход 2,2 л/ч (бухта 100 м) коричневый | C19: шт | D19: 128
A20: 5 | B20: Штуцер XFF соединительный 17 мм-17мм | C20: шт | D20: 300
A21: 6 | B21: Штуцер XFF угловой 17 мм- 17 мм | C21: шт | D21: 450
A22: 7 | B22: Штуцер XFF тройник 17 мм- 17 мм- 17 мм | C22: шт | D22: 2500
A23: 8 | B23: Переходник XFF прямой 1/2" НР - 17 мм | C23: шт | D23: 50
A24: 9 | B24: Тройник XFF переходной 17 мм-1/2" НР- 17 мм | C24: шт | D24: 250
A25: 10 | B25: Стойка держатель для шланга 12-16 мм | C25: шт | D25: 11500
A26: 11 | B26: Концевая заглушка 700-CF-22 | C26: шт | D26: 70
A27: 12 | B27: Микрокапельница, 4 л/час, зеленая Irritec | C27: шт | D27: 160
... A47: 32 | B47: Датчик дождя RSD-Bex | C47: шт | D47: 1
A48: Фитинг компрессионный ПНД
A49: 33 | B49: Муфта НР 40X1" | C49: шт | D49: 15
A50: 34 | B50: Муфта ВР 32X1" | C50: шт | D50: 15
A51: 35 | B51: Муфта НР 40X1-1/4" переход с ПП на ПНД | C51: шт | D51: 2
A52: 36 | B52: Тройник 90° 25 | C52: шт | D52: 90
A53: 37 | B53: Тройник 90° 32 | C53: шт | D53: 40
A54: 38 | B54: Тройник 90° 40 | C54: шт | D54: 12
A55: 39 | B55: Отвод 90° 25 | C55: шт | D55: 160
A56: 40 | B56: Отвод 90° 32 | C56: шт | D56: 54
A57: 41 | B57: Отвод 90° 40 | C57: шт | D57: 22
A58: 42 | B58: Тройник 90° ВР 25X1/2" | C58: шт | D58: 98
A59: 43 | B59: Тройник 90° НР 25X1" | C59: шт | D59: 30
A60: 44 | B60: Тройник 90° ВР 25X1" | C60: шт | D60: 21
... A83: 67 | B83: Ключ для фитинга от 16 до 63 D | C83: шт | D83: 3
A84: Трубы ПНД и электрокабель
A85: 68 | B85: Электрокабель ВВГ 3х1,5 (1m) ГОСТ * | C85: м.п. | D85: 400
A86: 69 | B86: Электрокабель ВВГ 5х1,5 (1m) ГОСТ * | C86: м.п. | D86: 1700
A87: 70 | B87: Труба 50 ПП * | C87: м.п. | D87: 60
A88: 71 | B88: Труба 40 (1m) ПЭ-100 SDR 13,6 | C88: м.п. | D88: 1100
A89: 72 | B89: Труба 32 (1m) ПЭ-100 SDR 13,6 | C89: м.п. | D89: 2300
A90: 73 | B90: Труба 25 (1m) ПЭ-100 SDR 13,6 | C90: м.п. | D90: 3100
A91: Обвязка в подвальном помещении и врезка в магистральный трубопровод
A92: 74 | B92: Шкаф автоматики | C92: шт | D92: 1
A93: 75 | B93: ПП Муфта разбор. 50-1 1/4" НР | C93: шт | D93: 24
A94: 76 | B94: ПП Муфта разбор. 50-1 1/4" ВР | C94: шт | D94: 12
A95: 77 | B95: Ниппель 1 1/4" | C95: шт | D95: 10
A96: 78 | B96: Тройник 1 1/4" ВР | C96: шт | D96: 4
A97: 79 | B97: Футорка 1 1/4" НР*1/2" ВР | C97: шт | D97: 4
A98: 80 | B98: ПП Угол 50*90 | C98: шт | D98: 20
A99: 81 | B99: ПП Угол 50*45 | C99: шт | D99: 20
A100: 82 | B100: ПП Тройник 50 | C100: шт | D100: 4
A101: 83 | B101: ПП Тройник 110*50*110 | C101: шт | D101: 1
A102: 84 | B102: ПП Тройник 75*50*75 | C102: шт | D102: 1
A103: 85 | B103: Кран шаровый со сгоном 1 1/4" | C103: шт | D103: 6
... A117: 99 | B117: Транспортные расходы | C117: шт | D117: 1
A118: Работы
A119: 100 | B119: Монтаж системы автоматического полива | C119: компл. | D119: 1
A120: 101 | B120: Пусконаладочные системы автоматического полива | C120: компл. | D120: 1
A121: 102 | B121: Земляные работы | C121: компл. | D121: 1
A122: 103 | B122: Вывоз мусора | C122: компл. | D122: 1
A123: Итого стоимость работ: | F123: =SUM(F121:F122) -> 0
A124: Всего стоимость, без НДС: | F124: =F119+F123 -> 0
A125: НДС: | F125: нет
A126: ПРИМЕЧАНИЕ:
A127: 1. В стоимость строительно-монтажных работ входит стоимость по получению акта на проверку пожарного водопровода на водоотдачу
A128: *Стоимость строительно-монтажных работ (СМР) учитывает прямые затраты, накладные расходы, сметную прибыль,затраты на все второстепенные, сопутсвующие (расходные) материалы и работы необходимые для осуществления полного комплекса работ, включая затраты: на мобилизацию, аренду и эксплуатацию всех необходимых механизмов, оборудования и инструментов, бытовых помещений и биотуалетов; выполнение сопутствующих работ; вывоз мусора; налоги и иные издержки Подрядчика.
A129: **Стоимость материалов учитывает стоимость доставки до объекта строительства
A131: Подрядчик производит устройство системы автополива согласно схемам устройства, с которыми Подрядчик ознакомлен на момент подписания настоящего Сметного расчета: - Проект системы автоматического полива ГП-55. 24011-55,56-ГП (ГП-55 Общий план полива. Лист №1); - План укладки кабеля ГП-55. (Проект системы автоматического полива. 24011-55,56-ГП. Лист №3); - План трубопровода ГП-55. (24011-55,56-ГП. Лист №2); - Проект системы автоматического полива. ГП-56. 24011-55, 56-ГП (ГП-56 Общий план полива. Лист №1) - План укладки кабеля. ГП-56. (Проект системы автоматического полива. 24011-55,56-ГП. Лист №3); - План трубопровода ГП-56 (24011-55,56-ГП. Лист №2);
A134: * - длина и количество по подвальной части требует дополнительного уточнения

Sheet ЛСР 12.07
K1: Приложение №
K2: к Договору подряда №
B4: СОГЛАСОВАНО: | E4: УТВЕРЖДЕНО: | H4: СОГЛАСОВАНО:
E6: Генеральный директор | H6: Генеральный директор
B7: ______________/ | E7: _________________/ | H7: _________________/
A10: Локальный сметный расчет №1
A12: № | B12: Наименование | C12: Марка/ Завод изготовитель | D12: Характеристика | E12: Ед. изм. | F12: Толщина слоя, м/ Площадь, м2 | G12: Норма расхода | H12: Кол. | I12: Цена за ед. | J12: Сумма | K12: Примечание | L12: Форма закупа материала
A13: 12. | B13: Благоустройство
A14: 12.07. | B14: Монтаж автоматического полива
A15: 12.07.01 | B15: Прокладка кабеля, трубы
A16: 12.07.01.00 | B16: Прокладка кабеля, трубы | J16: =J17+J25 -> 0
B17: Работа: | J17: =SUM(J18:J24) -> 0
B18: Прокладка кабеля тип 1 | E18: м | H18: =H26 -> 300 | I18: =VLOOKUP(B18,Работы!B4:I32,7,0) -> 0 | J18: =I18*H18 -> 0
B19: Прокладка кабеля тип 2 | E19: м | H19: =H27 -> 1200 | I19: =VLOOKUP(B19,Работы!B5:I33,7,0) -> 0 | J19: =I19*H19 -> 0
B20: Прокладка трубы тип 1 | E20: м | H20: =H28 -> 40 | I20: =VLOOKUP(B20,Работы!B6:I34,7,0) -> 0 | J20: =I20*H20 -> 0
B21: Прокладка трубы тип 2 | E21: м | H21: =H29 -> 1000 | I21: =VLOOKUP(B21,Работы!B7:I35,7,0) -> 0 | J21: =I21*H21 -> 0
B22: Прокладка трубы тип 3 | E22: м | H22: =H30 -> 1900 | I22: =VLOOKUP(B22,Работы!B8:I36,7,0) -> 0 | J22: =I22*H22 -> 0
B23: Прокладка трубы тип 4 | E23: м | H23: =H31 -> 2800 | I23: =VLOOKUP(B23,Работы!B9:I37,7,0) -> 0 | J23: =I23*H23 -> 0
B24: Алмазное бурение | D24: отверстий диам. до 110 мм | E24: шт | H24: 8 | I24: =VLOOKUP(B24,Работы!B10:I38,7,0) -> 0 | J24: =I24*H24 -> 0
B25: Материалы: | J25: =SUM(J26:J31) -> 0
B26: Электрокабель тип 1 | D26: ВВГ/ПВС 3х1 (1m) ГОСТ | E26: м | H26: 300 | I26: =VLOOKUP(B26,Материалы!B5:I125,7,0) -> 0 | J26: =I26*H26 -> 0
B27: Электрокабель тип 2 | D27: ВВГ/ПВС 5х1 (1m) ГОСТ | E27: м | H27: 1200 | I27: =VLOOKUP(B27,Материалы!B6:I126,7,0) -> 0 | J27: =I27*H27 -> 0
B28: Труба тип 1 | D28: 50 ПП * | E28: м | H28: 40 | I28: =VLOOKUP(B28,Материалы!B7:I127,7,0) -> 0 | J28: =I28*H28 -> 0
B29: Труба тип 2 | D29: 40 (1m) SDR 13,6 | E29: м | H29: 1000 | I29: =VLOOKUP(B29,Материалы!B8:I128,7,0) -> 0 | J29: =I29*H29 -> 0
B30: Труба тип 3 | D30: 32 (1m) SDR 13,6 | E30: м | H30: 1900 | I30: =VLOOKUP(B30,Материалы!B9:I129,7,0) -> 0 | J30: =I30*H30 -> 0
B31: Труба тип 4 | D31: 25 (1m) SDR 13,6 | E31: м | H31: 2800 | I31: =VLOOKUP(B31,Материалы!B10:I130,7,0) -> 0 | J31: =I31*H31 -> 0
A32: 12.07.02 | B32: Установка оборудования
A33: 12.07.02.00 | B33: Установка оборудования | J33: =J34+J36 -> 0
B34: Работа: | J34: =SUM(J35:J35) -> 0
B35: Установка оборудования | E35: Комплекс | H35: 1 | I35: =VLOOKUP(B35,Работы!B4:I32,7,0) -> 0 | J35: =I35*H35 -> 0
B36: Материалы: | J36: =SUM(J37:J81) -> 0
B37: Пусковой комплект микроорошения | D37: XCZ-100-PRF, 1" | E37: шт. | H37: 9 | I37: =VLOOKUP(B37,Материалы!B16:I136,7,0) -> 0 | J37: =H37*I37 -> 0
B38: Капельный шланг тип 1 | D38: без капельниц 16 мм, бухта 100 м, коричневый | E38: шт. | H38: 3 | I38: =VLOOKUP(B38,Материалы!B18:I138,7,0) -> 0 | J38: =H38*I38 -> 0
B39: Капельный шланг тип 2 | D39: Шланг капельного полива компенсированный PC 16мм, шаг капельниц 33 см, расход 2,2 л/ч (бухта 100 м) коричневый | E39: шт. | H39: 47 | I39: =VLOOKUP(B39,Материалы!B19:I139,7,0) -> 0 | J39: =H39*I39 -> 0
B40: Стойка держатель для шланга | D40: Стойка держатель для шланга 12-16 мм IG | E40: шт. | H40: 4700 | I40: =VLOOKUP(B40,Материалы!B20:I140,7,0) -> 0 | J40: =H40*I40 -> 0
B41: Дождеватель тип 1 | D41: Дождеватель 1804 | E41: шт. | H41: 284 | I41: =VLOOKUP(B41,Материалы!B22:I142,7,0) -> 0 | J41: =H41*I41 -> 0
B42: Дождеватель тип 2 | D42: Дождеватель 1806 | E42: шт. | H42: 30 | I42: =VLOOKUP(B42,Материалы!B23:I143,7,0) -> 0 | J42: =H42*I42 -> 0
B43: Дождеватель тип 3 | D43: Дождеватель 1812 | E43: шт. | H43: 30 | I43: =VLOOKUP(B43,Материалы!B24:I144,7,0) -> 0 | J43: =H43*I43 -> 0
B44: Сверхгибкая ПЭ труба для отводов | D44: RU-FLEX (30 м) | E44: шт. | H44: 7 | I44: =VLOOKUP(B44,Материалы!B25:I145,7,0) -> 0 | J44: =H44*I44 -> 0
B45: Клапан электромагнитный | D45: 100-HVF 1" ВР с регуляцией потока | E45: шт. | H45: 17 | I45: =VLOOKUP(B45,Материалы!B26:I146,7,0) -> 0 | J45: =H45*I45 -> 0
B46: Тройник для э/м клапанов | D46: MTT-100 (1"HP/1"HP/1"BP) | E46: шт. | H46: 13 | I46: =VLOOKUP(B46,Материалы!B27:I147,7,0) -> 0 | J46: =H46*I46 -> 0
B47: Коннектор быстрого соединения | D47: SCOTCHLOK 314 | E47: шт. | H47: 50 | I47: =VLOOKUP(B47,Материалы!B28:I148,7,0) -> 0 | J47: =H47*I47 -> 0
B48: Короб тип 1 | D48: со встроенным метал. краном с наружной резьбой 3/4" | E48: шт. | H48: 16 | I48: =VLOOKUP(B48,Материалы!B36:I156,7,0) -> 0 | J48: =H48*I48 -> 0
B49: Короб тип 2 | D49: LARGE JUNIOR Юниор | E49: шт. | H49: 4 | I49: =VLOOKUP(B49,Материалы!B37:I157,7,0) -> 0 | J49: =H49*I49 -> 0
B50: Короб тип 3 | D50: STANDART Стандарт Ключ | E50: шт. | H50: 11 | I50: =VLOOKUP(B50,Материалы!B38:I158,7,0) -> 0 | J50: =H50*I50 -> 0
B51: Контроллер | D51: Hunter I2C-800-PL \ серия ICC2 | E51: шт. | H51: 1 | I51: =VLOOKUP(B51,Материалы!B39:I159,7,0) -> 0 | J51: =H51*I51 -> 0
B52: Модуль расширения | D52: Hunter ICM-2200 - на 22 станции | E52: шт. | H52: 1 | I52: =VLOOKUP(B52,Материалы!B40:I160,7,0) -> 0 | J52: =H52*I52 -> 0
B53: Датчик дождя | D53: RSD-Bex | E53: шт. | H53: 1 | I53: =VLOOKUP(B53,Материалы!B41:I161,7,0) -> 0 | J53: =H53*I53 -> 0
B54: Тройник тип 1 | D54: Тройник 90° 25 | E54: шт. | H54: 75 | I54: =VLOOKUP(B54,Материалы!B42:I162,7,0) -> 0 | J54: =H54*I54 -> 0
B55: Тройник тип 2 | D55: Тройник 90° 32 | E55: шт. | H55: 12 | I55: =VLOOKUP(B55,Материалы!B43:I163,7,0) -> 0 | J55: =H55*I55 -> 0
B56: Тройник тип 3 | D56: Тройник 90° 40 | E56: шт. | H56: 5 | I56: =VLOOKUP(B56,Материалы!B44:I164,7,0) -> 0 | J56: =H56*I56 -> 0
B57: Тройник тип 4 | D57: Отвод 90° 25 | E57: шт. | H57: 50 | I57: =VLOOKUP(B57,Материалы!B45:I165,7,0) -> 0 | J57: =H57*I57 -> 0
B58: Тройник тип 5 | D58: Отвод 90° 32 | E58: шт. | H58: 43 | I58: =VLOOKUP(B58,Материалы!B46:I166,7,0) -> 0 | J58: =H58*I58 -> 0
B59: Тройник тип 6 | D59: Отвод 90° 40 | E59: шт. | H59: 28 | I59: =VLOOKUP(B59,Материалы!B47:I167,7,0) -> 0 | J59: =H59*I59 -> 0
... B80: Фитинг тип 1 | D80: для обвязки в подвале и врезки в магистральный трубопровод | E80: шт. | H80: 1 | I80: =VLOOKUP(B80,Материалы!B68:I188,7,0) -> 0 | J80: =H80*I80 -> 0
B81: Фасонные материалы (воздушный/вакуумный клапан, муфта, штуцера, переходник, тройник, монтажный инструмент для штуцеров, концевая заглушка, самопробивной эмиттер, форсунки, муфты, ФумЛента) | E81: % | J81: =SUM(J82:J112) -> 0
B82: Штуцер XFF соединительный 17 мм-17мм | E82: шт | H82: 125 | I82: =VLOOKUP(B82,Материалы!B5:I125,7,0) -> 0 | J82: =SUM(J82:J112) -> 0
B83: Штуцер XFF угловой 17 мм- 17 мм | E83: шт | H83: 75 | I83: =VLOOKUP(B83,Материалы!B6:I126,7,0) -> 0 | J83: =SUM(J83:J113) -> 0
B84: Штуцер XFF тройник 17 мм- 17 мм- 17 мм | E84: шт | H84: 450 | I84: =VLOOKUP(B84,Материалы!B7:I127,7,0) -> 0 | J84: =SUM(J84:J114) -> 0
B85: Переходник XFF прямой 1/2" НР - 17 мм | E85: шт | H85: 20 | I85: =VLOOKUP(B85,Материалы!B8:I128,7,0) -> 0 | J85: =SUM(J85:J115) -> 0
B86: Тройник XFF переходной 17 мм-1/2" НР- 17 мм | E86: шт | H86: 75 | I86: =VLOOKUP(B86,Материалы!B9:I129,7,0) -> 0 | J86: =SUM(J86:J116) -> 0
B87: Концевая заглушка 700-CF-22 | E87: шт | H87: 60 | I87: =VLOOKUP(B87,Материалы!B10:I130,7,0) -> 0 | J87: =SUM(J87:J117) -> 0
B88: Форсунка 15SST (полоса 1,2 х 9,2 м) | E88: шт | H88: 6 | I88: =VLOOKUP(B88,Материалы!B11:I131,7,0) -> 0 | J88: =SUM(J88:J118) -> 0
B89: Форсунка 15LCS (Левый угол) (1.2мx4.6 м) | E89: шт | H89: 4 | I89: =VLOOKUP(B89,Материалы!B12:I132,7,0) -> 0 | J89: =SUM(J89:J119) -> 0
B90: Форсунка 15RCS (Правый угол) (1.2мx4.6 м) | E90: шт | H90: 1 | I90: =VLOOKUP(B90,Материалы!B13:I133,7,0) -> 0 | J90: =SUM(J90:J119) -> 0
B91: Форсунка 18 VAN (радиус от 4.3 до 5.5м) (бежевая) | E91: шт | H91: 17 | I91: =VLOOKUP(B91,Материалы!B14:I134,7,0) -> 0 | J91: =SUM(J91:J120) -> 0
B92: Форсунка HE-VAN 8 (радиус от 1.8 до 2.4м) (зеленая) | E92: шт | H92: 78 | I92: =VLOOKUP(B92,Материалы!B15:I135,7,0) -> 0 | J92: =SUM(J92:J121) -> 0
B93: Форсунка HE-VAN 10 (радиус от 2.1 до 3.1м) (синяя) | E93: шт | H93: 63 | I93: =VLOOKUP(B93,Материалы!B16:I136,7,0) -> 0 | J93: =SUM(J93:J122) -> 0
B94: Форсунка HE-VAN 12 (радиус от 2,7 до 3,7м) (коричневая) | E94: шт | H94: 75 | I94: =VLOOKUP(B94,Материалы!B17:I137,7,0) -> 0 | J94: =SUM(J94:J123) -> 0
B95: Форсунка HE-VAN 15 (радиус от 3,4 до 4,6м) (черная) | E95: шт | H95: 62 | I95: =VLOOKUP(B95,Материалы!B18:I138,7,0) -> 0 | J95: =SUM(J95:J124) -> 0
B96: Вращающ.форсунка R-VAN 14 (45-270°, радиус от 2,4 до 4,0 м) | E96: шт | H96: 2 | I96: =VLOOKUP(B96,Материалы!B19:I139,7,0) -> 0 | J96: =SUM(J96:J125) -> 0
B97: Вращающ.форсунка R-VAN 18 (45-270°, радиус от 4,0 до 5,5 м) | E97: шт | H97: 14 | I97: =VLOOKUP(B97,Материалы!B20:I140,7,0) -> 0 | J97: =SUM(J97:J126) -> 0
B98: Вращающ.форсунка R-VAN 24 (45-270°, радиус от 5,0 до 6,8 м) | E98: шт | H98: 13 | I98: =VLOOKUP(B98,Материалы!B21:I141,7,0) -> 0 | J98: =SUM(J98:J127) -> 0
B99: Вращающаяся форсунка RN18F (360°, радиус от 4,0 до 5,5 м) | E99: шт | H99: 4 | I99: =VLOOKUP(B99,Материалы!B22:I142,7,0) -> 0 | J99: =SUM(J99:J128) -> 0
B100: Вращающаяся форсунка R-VAN-LCS (левый угол 1,5 х 4,6 м) | E100: шт | H100: 1 | I100: =VLOOKUP(B100,Материалы!B23:I143,7,0) -> 0 | J100: =SUM(J100:J129) -> 0
B101: Вращающаяся форсунка R-VAN-RCS (правый угол 1,5 х 4,6 м) | E101: шт | H101: 3 | I101: =VLOOKUP(B101,Материалы!B24:I144,7,0) -> 0 | J101: =SUM(J101:J130) -> 0
... B107: Муфта редук. 32X25 | E107: шт | H107: 10 | I107: =VLOOKUP(B107,Материалы!B30:I150,7,0) -> 0 | J107: =SUM(J107:J136) -> 0
B108: Муфта соед. 25 | E108: шт | H108: 40 | I108: =VLOOKUP(B108,Материалы!B31:I151,7,0) -> 0 | J108: =SUM(J108:J136) -> 0
B109: Муфта соед. 32 | E109: шт | H109: 13 | I109: =VLOOKUP(B109,Материалы!B32:I152,7,0) -> 0 | J109: =SUM(J109:J136) -> 0
B110: Муфта соед. 40 | E110: шт | H110: 8 | I110: =VLOOKUP(B110,Материалы!B33:I153,7,0) -> 0 | J110: =SUM(J110:J136) -> 0
B111: ФумЛента | E111: шт | H111: 70 | I111: =VLOOKUP(B111,Материалы!B34:I154,7,0) -> 0 | J111: =SUM(J111:J136) -> 0
B112: Фитинги для обвязки в подвале и врезки в магистральный трубопровод | E112: комплект | H112: 1 | I112: =VLOOKUP(B112,Материалы!B35:I155,7,0) -> 0 | J112: =SUM(J112:J136) -> 0
A113: 12.07.03 | B113: Оборудование водоподготовки
A114: 12.07.03.00 | B114: Оборудование водоподготовки | J114: =J115+J119 -> 0
B115: Работа: | J115: =SUM(J116:J118) -> 0
B116: Врезка в магистральный трубопровод | E116: комплекс | H116: 1 | I116: =VLOOKUP(B116,Работы!B4:I32,7,0) -> 0 | J116: =I116*H116 -> 0
B117: Система защиты от протечек | E117: комплекс | H117: 1 | I117: =VLOOKUP(B117,Работы!B5:I33,7,0) -> 0 | J117: =I117*H117 -> 0
B118: Монтаж оборудования водоподготовки | E118: комплекс | H118: 1 | I118: =VLOOKUP(B118,Работы!B6:I34,7,0) -> 0 | J118: =I118*H118 -> 0
B119: Материалы: | J119: =SUM(J120:J131) -> 0
B120: Кран шаровый | D120: со сгоном 1 1/4" | E120: шт. | H120: 4 | I120: =VLOOKUP(B120,Материалы!B5:I125,7,0) -> 0 | J120: =H120*I120 -> 0
B121: Регулятор давления | D121: 1 1/4" с манометром | E121: шт. | H121: 1 | I121: =VLOOKUP(B121,Материалы!B6:I126,7,0) -> 0 | J121: =H121*I121 -> 0
B122: Продувочный узел | E122: шт. | H122: 1 | I122: =VLOOKUP(B122,Материалы!B7:I127,7,0) -> 0 | J122: =H122*I122 -> 0
B123: Обратный клапан | D123: 1 1/4" | E123: шт. | H123: 1 | I123: =VLOOKUP(B123,Материалы!B8:I128,7,0) -> 0 | J123: =H123*I123 -> 0
B124: Фильтр сетчатый | D124: 1 1/4" | E124: шт. | H124: 1 | I124: =VLOOKUP(B124,Материалы!B9:I129,7,0) -> 0 | J124: =H124*I124 -> 0
B125: Счетчик воды | D125: универсальный многоструйный "Пульсар" Ду-32 | E125: шт. | H125: 1 | I125: =VLOOKUP(B125,Материалы!B10:I130,7,0) -> 0 | J125: =H125*I125 -> 0
B126: Радиомодем | D126: импульсный ВТ-100 | E126: шт. | H126: 1 | I126: =VLOOKUP(B126,Материалы!B11:I131,7,0) -> 0 | J126: =H126*I126 -> 0
B127: Установочный присоединительный комплект | E127: шт. | H127: 1 | I127: =VLOOKUP(B127,Материалы!B12:I132,7,0) -> 0 | J127: =H127*I127 -> 0
B128: Труба тип 1 | D128: Труба ПНД 110 (закладная) | E128: м. | H128: 250 | I128: =VLOOKUP(B128,Материалы!B13:I133,7,0) -> 0 | J128: =H128*I128 -> 0
B129: Труба тип 2 | D129: Труба ПНД 63 (закладная) | E129: м. | H129: 250 | I129: =VLOOKUP(B129,Материалы!B14:I134,7,0) -> 0 | J129: =H129*I129 -> 0
B130: Трубная изоляция | D130: Энергофлекс 54*13 мм | E130: м. | H130: 44 | I130: =VLOOKUP(B130,Материалы!B15:I135,7,0) -> 0 | J130: =H130*I130 -> 0
...

Sheet Работы
A1: Ведомость объема работ
B2: Объект: «Жилой район «Преображенский» в г. Тюмени. Квартал 7. Участок 72:17:1313004:1019. Многоэтажный жилой дом с нежилыми помещениями ГП-72.211, ГП-72.212, ГП-72.213»
A4: № | B4: Наименование | C4: Марка/ Завод изготовитель | D4: Характеристика | E4: Ед. изм. | F4: Норма расхода | G4: Кол. | H4: Цена за ед. | I4: Сумма | J4: Примечание | K4: Форма закупа материала
A5: 12. | B5: Благоустройство
A6: 12.07. | B6: Монтаж автоматического полива
A7: 12.07.01 | B7: Прокладка кабеля, трубы
A8: 12.07.01.00 | B8: Прокладка кабеля, трубы | I8: =SUM(I9:I15) -> 0
B9: Прокладка кабеля тип 1 | E9: м | I9: =H9*G9 -> 0
B10: Прокладка кабеля тип 2 | E10: м | I10: =H10*G10 -> 0
B11: Прокладка трубы тип 1 | E11: м | I11: =H11*G11 -> 0
B12: Прокладка трубы тип 2 | E12: м | I12: =H12*G12 -> 0
B13: Прокладка трубы тип 3 | E13: м | I13: =H13*G13 -> 0
B14: Прокладка трубы тип 4 | E14: м | I14: =H14*G14 -> 0
B15: Алмазное бурение | D15: отверстий диам. до 110 мм | E15: шт | I15: =H15*G15 -> 0
A16: 12.07.02 | B16: Установка оборудования
A17: 12.07.02.00 | B17: Установка оборудования | I17: =SUM(I18) -> 0
B18: Установка оборудования | E18: Комплекс | I18: =H18*G18 -> 0
A19: 12.07.03 | B19: Оборудование водоподготовки
A20: 12.07.03.00 | B20: Оборудование водоподготовки | I20: =SUM(I21:I23) -> 0
B21: Врезка в магистральный трубопровод | E21: комплекс | I21: =H21*G21 -> 0
B22: Система защиты от протечек | E22: комплекс | I22: =H22*G22 -> 0
B23: Монтаж оборудования водоподготовки | E23: комплекс | I23: =H23*G23 -> 0
A24: 12.07.04 | B24: ПНР
A25: 12.07.04.00 | B25: ПНР | I25: =SUM(I26) -> 0
B26: Пусконаладочные работы | E26: комплекс | I26: =H26*G26 -> 0
A27: 12.07.99 | B27: Прочие работы
A28: 12.07.99.00 | B28: Прочие работы
B29: Работа: | I29: =I30+I31 -> 0
B30: Консервация | E30: комплекс | I30: =H30*G30 -> 0
B31: Расконсервация | E31: комплекс | I31: =H31*G31 -> 0
H32: ИТОГО стоимость работ | I32: =I20+I17+I8+I25+I29 -> 0
A33: ПРИМЕЧАНИЕ: | I33: =I32='[1]ЛСР 12.07'!I152 -> TRUE
A34: 1. В стоимость строительно-монтажных работ входит стоимость по получению акта на проверку пожарного водопровода на водоотдачу
A35: *Стоимость строительно-монтажных работ (СМР) учитывает прямые затраты, накладные расходы, сметную прибыль,затраты на все второстепенные, сопутсвующие (расходные) материалы и работы необходимые для осуществления полного комплекса работ, включая затраты: на мобилизацию, аренду и эксплуатацию всех необходимых механизмов, оборудования и инструментов, бытовых помещений и биотуалетов; выполнение сопутствующих работ; вывоз мусора; налоги и иные издержки Подрядчика.
A36: **Стоимость материалов учитывает стоимость доставки до объекта строительства

Sheet Материалы
A5: № | B5: Наименование | C5: Марка/ Завод изготовитель | D5: Характеристика | E5: Ед. изм. | F5: Норма расхода | G5: Кол. | H5: Цена за ед. | I5: Сумма | J5: Примечание | K5: Форма закупа материала
A6: 12. | B6: Благоустройство
A7: 12.07. | B7: Монтаж автоматического полива
A8: 12.07.01 | B8: Прокладка кабеля, трубы
A9: 12.07.01.00 | B9: Прокладка кабеля, трубы
B10: Материалы: | I10: =SUM(I11:I16) -> 0
B11: Электрокабель тип 1 | D11: ВВГ/ПВС 3х1 (1m) ГОСТ | E11: м | I11: =H11*G11 -> 0
B12: Электрокабель тип 2 | D12: ВВГ/ПВС 5х1 (1m) ГОСТ | E12: м | I12: =H12*G12 -> 0
B13: Труба тип 1 | D13: 50 ПП * | E13: м | I13: =H13*G13 -> 0
B14: Труба тип 2 | D14: 40 (1m) SDR 13,6 | E14: м | I14: =H14*G14 -> 0
B15: Труба тип 3 | D15: 32 (1m) SDR 13,6 | E15: м | I15: =H15*G15 -> 0
B16: Труба тип 4 | D16: 25 (1m) SDR 13,6 | E16: м | I16: =H16*G16 -> 0
A17: 12.07.02 | B17: Установка оборудования
A18: 12.07.02.00 | B18: Установка оборудования
B19: Материалы: | I19: =SUM(I20:I65) -> 0
B20: Пусковой комплект микроорошения | D20: XCZ-100-PRF, 1" | E20: шт. | I20: =G20*H20 -> 0
B21: Высокопроизводительный дисковый фильтр | D21: 1 1/2 НР" (130 мкм) | E21: шт. | I21: =G21*H21 -> 0
B22: Капельный шланг тип 1 | D22: без капельниц 16 мм, бухта 100 м, коричневый | E22: шт. | I22: =G22*H22 -> 0
B23: Капельный шланг тип 2 | D23: Шланг капельного полива компенсированный PC 16мм, шаг капельниц 33 см, расход 2,2 л/ч (бухта 100 м) коричневый | E23: шт. | I23: =G23*H23 -> 0
B24: Стойка держатель для шланга | D24: Стойка держатель для шланга 12-16 мм IG | E24: шт. | I24: =G24*H24 -> 0
B25: Распылитель | E25: шт. | I25: =G25*H25 -> 0
B26: Дождеватель тип 1 | D26: Дождеватель 1804 | E26: шт. | I26: =G26*H26 -> 0
B27: Дождеватель тип 2 | D27: Дождеватель 1806 | E27: шт. | I27: =G27*H27 -> 0
B28: Дождеватель тип 3 | D28: Дождеватель 1812 | E28: шт. | I28: =G28*H28 -> 0
B29: Сверхгибкая ПЭ труба для отводов | D29: RU-FLEX (30 м) | E29: шт. | I29: =G29*H29 -> 0
B30: Клапан электромагнитный | D30: 100-HVF 1" ВР с регуляцией потока | E30: шт. | I30: =G30*H30 -> 0
B31: Тройник для э/м клапанов | D31: MTT-100 (1"HP/1"HP/1"BP) | E31: шт. | I31: =G31*H31 -> 0
B32: Коннектор быстрого соединения | D32: SCOTCHLOK 314 | E32: шт. | I32: =G32*H32 -> 0
B33: Бокс со встроенным краном | E33: шт. | I33: =G33*H33 -> 0
B34: Бокс клапанный двухместный | E34: шт. | I34: =G34*H34 -> 0
B35: Бокс клапанный трехместный | E35: шт. | I35: =G35*H35 -> 0
B36: Контроллер | E36: шт. | I36: =G36*H36 -> 0
B37: Модуль расширения | E37: шт. | I37: =G37*H37 -> 0
B38: Микрокапельница тип 1 | E38: шт. | I38: =G38*H38 -> 0
B39: Микрокапельница тип 2 | E39: шт. | I39: =G39*H39 -> 0
B40: Короб тип 1 | D40: со встроенным метал. краном с наружной резьбой 3/4" | E40: шт. | I40: =G40*H40 -> 0
B41: Короб тип 2 | D41: LARGE JUNIOR Юниор | E41: шт. | I41: =G41*H41 -> 0
B42: Короб тип 3 | D42: STANDART Стандарт Ключ | E42: шт. | I42: =G42*H42 -> 0
B43: Контроллер | D43: Hunter I2C-800-PL \ серия ICC2 | E43: шт. | I43: =G43*H43 -> 0
B44: Модуль расширения | D44: Hunter ICM-2200 - на 22 станции | E44: шт. | I44: =G44*H44 -> 0
B45: Датчик дождя | D45: RSD-Bex | E45: шт. | I45: =G45*H45 -> 0
B46: Тройник тип 1 | D46: Тройник 90° 25 | E46: шт. | I46: =G46*H46 -> 0
B47: Тройник тип 2 | D47: Тройник 90° 32 | E47: шт. | I47: =G47*H47 -> 0
B48: Тройник тип 3 | D48: Тройник 90° 40 | E48: шт. | I48: =G48*H48 -> 0
B49: Тройник тип 4 | D49: Отвод 90° 25 | E49: шт. | I49: =G49*H49 -> 0
B50: Тройник тип 5 | D50: Отвод 90° 32 | E50: шт. | I50: =G50*H50 -> 0
B51: Тройник тип 6 | D51: Отвод 90° 40 | E51: шт. | I51: =G51*H51 -> 0
... B72: Фитинг тип 1 | D72: для обвязки в подвале и врезки в магистральный трубопровод | E72: комп. | I72: =G72*H72 -> 0
B73: Фасонные материалы (воздушный/вакуумный клапан, муфта, штуцера, переходник, тройник, монтажный инструмент для штуцеров, концевая заглушка, самопробивной эмиттер, форсунки, муфты, ФумЛента) | E73: % | I73: =G73*H73 -> 0
B74: Штуцер XFF соединительный 17 мм-17мм | E74: шт | I74: =G74*H74 -> 0
B75: Штуцер XFF угловой 17 мм- 17 мм | E75: шт | I75: =G75*H75 -> 0
B76: Штуцер XFF тройник 17 мм- 17 мм- 17 мм | E76: шт | I76: =G76*H76 -> 0
B77: Переходник XFF прямой 1/2" НР - 17 мм | E77: шт | I77: =G77*H77 -> 0
B78: Тройник XFF переходной 17 мм-1/2" НР- 17 мм | E78: шт | I78: =G78*H78 -> 0
B79: Концевая заглушка 700-CF-22 | E79: шт | I79: =G79*H79 -> 0
B80: Форсунка 15SST (полоса 1,2 х 9,2 м) | E80: шт | I80: =G80*H80 -> 0
B81: Форсунка 15LCS (Левый угол) (1.2мx4.6 м) | E81: шт | I81: =G81*H81 -> 0
B82: Форсунка 15RCS (Правый угол) (1.2мx4.6 м) | E82: шт | I82: =G82*H82 -> 0
B83: Форсунка 18 VAN (радиус от 4.3 до 5.5м) (бежевая) | E83: шт | I83: =G83*H83 -> 0
B84: Форсунка HE-VAN 8 (радиус от 1.8 до 2.4м) (зеленая) | E84: шт | I84: =G84*H84 -> 0
... B104: Фитинги для обвязки в подвале и врезки в магистральный трубопровод | E104: комплект | I104: =G104*H104 -> 0
A105: 12.07.03 | B105: Оборудование водоподготовки
A106: 12.07.03.00 | B106: Оборудование водоподготовки
B107: Материалы: | I107: =SUM(I108:I120) -> 0
B108: Кран шаровый | D108: со сгоном 1 1/4" | E108: шт. | I108: =G108*H108 -> 0
B109: Регулятор давления | D109: 1 1/4" с манометром | E109: шт. | I109: =G109*H109 -> 0
B110: Продувочный узел | E110: шт. | I110: =G110*H110 -> 0
B111: Обратный клапан | D111: 1 1/4" | E111: шт. | I111: =G111*H111 -> 0
B112: Фильтр сетчатый | D112: 1 1/4" | E112: шт. | I112: =G112*H112 -> 0
B113: Счетчик воды | D113: универсальный многоструйный "Пульсар" Ду-32 | E113: шт. | I113: =G113*H113 -> 0
B114: Радиомодем | D114: импульсный ВТ-100 | E114: шт. | I114: =G114*H114 -> 0
B115: Установочный присоединительный комплект | E115: шт. | I115: =G115*H115 -> 0
B116: Труба тип 1 | D116: Труба ПНД 110 (закладная) | E116: м. | I116: =G116*H116 -> 0
B117: Труба тип 2 | D117: Труба ПНД 63 (закладная) | E117: м. | I117: =G117*H117 -> 0
B118: Трубная изоляция | D118: Энергофлекс 54*13 мм | E118: м. | I118: =G118*H118 -> 0
B119: Прочие материалы (муфта, тройник, угол, футорка, ниппель, хомут, скотч) | E119: % | I119: =G119*H119 -> 0
B120: Муфта ПП 50*1 1/2" ВР с американкой | E120: шт | I120: =SUM(I121:I124) -> 0
B121: Футорка 1 1/2"*1 1/4" | E121: шт | I121: =G121*H121 -> 0
B122: Хомут трубный 1 1/2" с резинкой, дюбелем | E122: шт | I122: =G122*H122 -> 0
B123: Скотч армированный | E123: шт | I123: =G123*H123 -> 0
B124: Расходный материал + монтажные аксессуары | E124: шт | I124: =G124*H124 -> 0
H125: ИТОГО материалы | I125: =I107+I19+I10 -> 0
A126: ПРИМЕЧАНИЕ: | I126: =I125='[1]ЛСР 12.07'!I153 -> TRUE
A127: 1. В стоимость строительно-монтажных работ входит стоимость по получению акта на проверку пожарного водопровода на водоотдачу
A128: *Стоимость строительно-монтажных работ (СМР) учитывает прямые затраты, накладные расходы, сметную прибыль,затраты на все второстепенные, сопутсвующие (расходные) материалы и работы необходимые для осуществления полного комплекса работ, включая затраты: на мобилизацию, аренду и эксплуатацию всех необходимых механизмов, оборудования и инструментов, бытовых помещений и биотуалетов; выполнение сопутствующих работ; вывоз мусора; налоги и иные издержки Подрядчика.
A129: **Стоимость материалов учитывает стоимость доставки до объекта строительства
